 Dungeon Crawl Stone Soup version 0.16-a0-3246-g12054e0 (webtiles) character file.

11894 Chiseanne the Thaumaturge (level 11, 0/81 HPs)
             Began as a Demonspawn Wizard on Dec 22, 2014.
             Was a High Priest of Vehumet.
             Slain by a nine-headed hydra (4 damage)
             ... on level 12 of the Dungeon.
             The game lasted 00:56:01 (14865 turns).

Chiseanne the Thaumaturge (Demonspawn Wizard)      Turns: 14865, Time: 00:56:01

Health: 0/81       AC: 26    Str:  7    XL:     11   Next: 55%
Magic:  38/38      EV:  0    Int: 24    God:    Vehumet [*****.]
Gold:   667        SH: 10    Dex: 11    Spells: 5 memorised, 18 levels left

rFire  . . .     SeeInvis .     l - +1 flail (freeze)
rCold  . . .     Clarity  .     R - +8 chain mail "Twidducs" {Slay+5}
rNeg   . . .     SustAb   .     b - +0 large shield
rPois  +         Gourm    .     P - +1 helmet
rElec  .         Spirit   .     V - +0 cloak {MR+}
rCorr  .         Warding  .     r - +0 pair of gloves
rMut   .         Stasis   .     (no boots)
MR     +....                    (no amulet)
Stlth  ..........               I - ring of magical power
                                K - ring of poison resistance

@: somewhat resistant to hostile enchantments, extremely unstealthy
A: talons 2, yellow scales 2, demonic guardian 1, powered by death 2
a: Renounce Religion


You were on level 12 of the Dungeon.
You worshipped Vehumet.
Vehumet was extremely pleased with you.
You were not hungry.

You visited 1 branch of the dungeon, and saw 12 of its levels.

You collected 667 gold pieces.

Inventory:

Hand weapons
 a - a +0 dagger of venom
 l - a +1 flail of freezing (weapon)
 s - a +4 hand axe of freezing
 t - a +2 war axe
 w - a +0 blowgun
 M - a cursed -2 rapier
Missiles
 i - 9 needles of sleeping
 j - 5 javelins (quivered)
 x - 28 poisoned needles
 y - 4 silver tomahawks
 C - 4 tomahawks
 T - 2 throwing nets
Armour
 b - a +0 large shield (worn)
 r - a +0 pair of gloves (worn)
 P - a +1 helmet (worn)
 R - the +8 chain mail "Twidducs" (worn) {Slay+5}
   (You found it on level 8 of the Dungeon)

   It affects your accuracy and damage with ranged weapons and melee attacks
   (+5).
 U - a cursed -2 robe
 V - a +0 cloak of magic resistance (worn)
Jewellery
 e - an uncursed ring of teleportation
 m - an uncursed ring of see invisible
 u - an uncursed ring of sustain abilities
 E - an uncursed ring of flight
 F - an uncursed amulet of stasis
 I - a ring of magical power (right hand)
 K - a ring of poison resistance (left hand)
 X - a +2 ring of protection
Magical devices
 N - a wand of teleportation (7)
Scrolls
 h - a scroll of amnesia
 z - 2 scrolls of recharging
 B - 3 scrolls of magic mapping
 G - 6 scrolls of remove curse
 J - 2 scrolls of teleportation
 W - a scroll of identify
 Y - a scroll of immolation
Potions
 k - a potion of agility
 n - 3 potions of brilliance
 o - 2 potions of resistance
 p - a potion of cure mutation
 A - a potion of lignification
 D - 2 potions of heal wounds
 H - a potion of flight
 S - a potion of cancellation
Books
 c - a book of Minor Magic

   Spells                             Type                      Level
   a - Magic Dart                     Conjuration                  1
   b - Blink                          Translocation                2
   c - Call Imp                       Summoning                    2
   d - Repel Missiles                 Charms/Air                   2
   e - Slow                           Hexes                        2
   f - Conjure Flame                  Conjuration/Fire             3
   g - Mephitic Cloud                 Conjuration/Poison/Air       3
 v - a book of Dreams

   Spells                             Type                      Level
   a - Ensorcelled Hibernation        Hexes/Ice                    2
   b - Flight                         Charms/Air                   3
   c - Phase Shift                    Translocation                5
   d - Shadow Creatures               Summoning                    5
   e - Mass Confusion                 Hexes                        6
   f - Darkness                       Hexes                        7
 O - a book of Enchantments

   Spells                             Type                      Level
   a - Tukima's Dance                 Hexes                        3
   b - Cause Fear                     Hexes                        4
   c - Silence                        Hexes/Air                    5
   d - Deflect Missiles               Charms/Air                   6
   e - Haste                          Charms                       6
   f - Discord                        Hexes                        8
Comestibles
 d - 10 bread rations
 g - 5 meat rations
 q - a slice of pizza
 L - 8 beef jerkies
 Q - a royal jelly


   Skills:
 * Level 5.8 Fighting
 * Level 7.4 Armour
 - Level 5.3 Dodging
 - Level 1.7 Stealth
 * Level 2.4 Shields
 - Level 10.2 Spellcasting
 - Level 9.6 Conjurations
   Level 1.0 Summonings
   Level 0.8 Translocations


You had 18 spell levels left.
You knew the following spells:

 Your Spells              Type           Power        Failure   Level  Hunger
a - Magic Dart            Conj           ####         99%         1    None
b - Repel Missiles        Chrm/Air       ##....       100%        2    None
c - Conjure Flame         Conj/Fire      #####...     100%        3    None
d - Mephitic Cloud        Conj/Pois/Air  ####....     100%        3    None
e - Inner Flame           Hex/Fire       ##......     100%        3    None


Dungeon Overview and Level Annotations

Branches:
Dungeon (12/15)            Temple (0/1) D:6            Lair (0/8) D:8
    Orc: D:9-12

Altars:
Cheibriados
Fedhas
Ru
Sif Muna
Vehumet
Xom
Yredelemnul
The Shining One

Annotations:
D:7 Eustachio


Innate Abilities, Weirdness & Mutations

You have razor-sharp toenails.
You are mostly covered in yellow scales (AC +3).
A weak demonic guardian rushes to your aid.
You can steal the life force of defeated enemies.


Message History

The nine-headed hydra bites you. The nine-headed hydra bites you!
You block the nine-headed hydra's attack.
The nine-headed hydra bites you but does no damage. x4
The nine-headed hydra bites you!
You sock the nine-headed hydra! You freeze the nine-headed hydra.
The nine-headed hydra seems to slow down.
The nine-headed hydra is severely wounded.
The nine-headed hydra completely misses you.
The nine-headed hydra bites you but does no damage.
The nine-headed hydra bites you.
* * * LOW HITPOINT WARNING * * *
The nine-headed hydra bites you!
* * * LOW HITPOINT WARNING * * *
You block the nine-headed hydra's attack.
The nine-headed hydra bites you but does no damage.
The nine-headed hydra bites you!
* * * LOW HITPOINT WARNING * * *
You block the nine-headed hydra's attack.
The nine-headed hydra bites you.
You die... ####'##### K.... #.......... ...... #..........
Kl.Y.

#.......... ..K.
#..........# ...
###'####### .Y #..# #K
##.### #( #.D@# ##(
###.# #.. #.# #รท#
#####'##### ###'#
#.....>...# #....
#.........### #....
#.........'.######....
#.........#))(.(('....
#.........########....


You could see a nine-headed hydra.

Vanquished Creatures
  Maurice (D:9)
  2 trolls
  A blink frog (D:8)
  A deep elf mage (D:7)
  16 yaks
  3 hungry ghosts
  3 hippogriffs
  A vampire mosquito (D:12)
  A wolf (D:10)
  Edmund (D:7)
  2 orc warriors
  4 ice beasts
  2 black bears
  2 sky beasts
  2 porcupines (D:8)
  9 ogres
  6 centaurs
  Sigmund (D:3)
  3 big kobolds
  10 giant frogs
  21 killer bees
  3 water moccasin skeletons (D:6)
  2 scorpions
  6 wights
  An electric eel (D:10)
  A yellow wasp zombie (D:9)
  3 crimson imps
  A quasit (D:6)
  A centaur zombie (D:9)
  A giant frog zombie (D:12)
  4 goliath beetles
  4 orc priests
  A jelly (D:8)
  2 hell rats (D:8)
  8 hounds
  6 iguanas
  6 orc wizards
  13 worker ants
  A hound zombie (D:5)
  Terence (D:3)
  A worker ant zombie (D:9)
  Robin (D:3)
  14 adders
  3 river rats (D:8)
  2 shadow imps
  6 worms
  2 adder skeletons (D:5)
  An adder zombie (D:4)
  9 giant geckos
  3 oozes
  18 orcs
  2 ball pythons
  24 bats
  A bat skeleton (D:4)
  7 giant cockroaches
  22 goblins
  19 hobgoblins
  18 jackals
  27 kobolds
  5 quokkas
  4 giant newts
  A goblin zombie (D:5)
  A quokka skeleton (D:6)
  22 rats
370 creatures vanquished.

Vanquished Creatures (collateral kills)
  An ugly thing (D:12)
  A kobold demonologist (D:12)
  A yak (D:9)
  A wolf (D:10)
  A wight (D:11)
  An orc priest (D:10)
  An iron imp (D:12)
  A giant mite (D:9)
  An orc (D:9)
  A kobold (D:12)
10 creatures vanquished.

Vanquished Creatures (others)
  8 crimson imps
  A hound (D:4)
  6 quasits
  13 iron imps
  A worker ant (D:4)
  An adder (D:4)
  6 white imps
  5 ufetubi
  A giant gecko (D:4)
  An orc (D:4)
  A hobgoblin (D:4)
44 creatures vanquished.

Grand Total: 424 creatures vanquished

Notes
Turn   | Place    | Note
--------------------------------------------------------------
     0 | D:1      | Chiseanne, the Demonspawn Wizard, began the quest for the Orb.
     0 | D:1      | Reached XP level 1. HP: 13/13 MP: 4/4
   290 | D:1      | Gained mutation: You can steal the life force of nearby defeated enemies. [demonic ancestry]
   290 | D:1      | Reached XP level 2. HP: 19/19 MP: 3/6
   294 | D:1      | Learned a level 2 spell: Repel Missiles
  1445 | D:1      | Found a glowing golden altar of the Shining One.
  1683 | D:2      | Gained mutation: You have sharp toenails. [demonic ancestry]
  1683 | D:2      | Reached XP level 3. HP: 21/24 MP: 0/8
  1762 | D:2      | Reached skill level 4 in Spellcasting
  2589 | D:2      | Learned a level 3 spell: Conjure Flame
  2593 | D:2      | Learned a level 3 spell: Mephitic Cloud
  2640 | D:2      | Gained mutation: You can steal the life force of defeated enemies. [demonic ancestry]
  2640 | D:2      | Reached XP level 4. HP: 30/30 MP: 9/11
  3417 | D:3      | Noticed Sigmund
  3442 | D:3      | Killed Sigmund
  3442 | D:3      | Reached skill level 5 in Spellcasting
  3442 | D:3      | Gained mutation: You are partially covered in yellow scales (AC +2). [demonic ancestry]
  3442 | D:3      | Reached XP level 5. HP: 21/35 MP: 2/15
  3538 | D:3      | Found a deep blue altar of Sif Muna.
  3562 | D:3      | Noticed Terence
  3576 | D:3      | Killed Terence
  4141 | D:3      | Noticed Robin
  4154 | D:3      | Killed Robin
  4154 | D:3      | Reached XP level 6. HP: 33/41 MP: 3/17
  5557 | D:4      | Reached skill level 6 in Spellcasting
  5572 | D:4      | Gained mutation: You are mostly covered in yellow scales (AC +3). [demonic ancestry]
  5572 | D:4      | Reached XP level 7. HP: 41/46 MP: 1/20
  5920 | D:4      | Reached skill level 5 in Conjurations
  6047 | D:4      | Found a shimmering altar of Xom.
  6246 | D:5      | Entered Level 5 of the Dungeon
  6813 | D:5      | Found a radiant altar of Vehumet.
  6843 | D:5      | Became a worshipper of Vehumet
  7210 | D:5      | Reached skill level 7 in Spellcasting
  7214 | D:5      | Reached XP level 8. HP: 40/52 MP: 5/23
  7683 | D:6      | Found a staircase to the Ecumenical Temple.
  7810 | D:6      | Reached skill level 8 in Spellcasting
  7963 | D:6      | Acquired Vehumet's first power
  7963 | D:6      | Offered knowledge of Shock by Vehumet.
  8068 | D:6      | Found a basalt altar of Yredelemnul.
  8202 | D:6      | Reached XP level 9. HP: 43/57 MP: 25/25
  8274 | D:6      | Reached skill level 9 in Spellcasting
  8685 | D:6      | Found a sacrificial altar of Ru.
  8685 | D:6      | Found a blossoming altar of Fedhas.
  9205 | D:7      | Offered knowledge of Flame Tongue by Vehumet.
  9252 | D:7      | Noticed Edmund
  9271 | D:7      | Killed Edmund
  9291 | D:7      | Noticed Eustachio
  9733 | D:8      | Offered knowledge of Static Discharge by Vehumet.
  9758 | D:8      | Found a staircase to the Lair.
  9774 | D:8      | Reached skill level 10 in Spellcasting
  9863 | D:8      | Got a fine chain mail
  9908 | D:8      | Identified the +8 chain mail "Twidducs" {Slay+5} (You found it on level 8 of the Dungeon)
 10360 | D:8      | Gained mutation: A weak demonic guardian rushes to your aid. [demonic ancestry]
 10360 | D:8      | Reached XP level 10. HP: 37/64 MP: 28/28
 10500 | D:9      | Reached skill level 1 in Armour
 10544 | D:9      | Acquired Vehumet's second power
 10690 | D:9      | Reached skill level 1 in Fighting
 11387 | D:9      | Noticed Maurice
 11455 | D:9      | Killed Maurice
 11605 | D:9      | Offered knowledge of Olgreb's Toxic Radiance by Vehumet.
 12095 | D:9      | Found a snail-covered altar of Cheibriados.
 12165 | D:10     | Entered Level 10 of the Dungeon
 12583 | D:10     | Reached skill level 5 in Armour
 12797 | D:10     | Acquired Vehumet's third power
 12816 | D:10     | Offered knowledge of Inner Flame by Vehumet.
 12822 | D:10     | Learned a level 3 spell: Inner Flame
 12865 | D:10     | Gained mutation: You have razor-sharp toenails. [demonic ancestry]
 12865 | D:10     | Reached XP level 11. HP: 71/77 MP: 29/29
 13405 | D:11     | Reached skill level 5 in Dodging
 13555 | D:11     | Noticed a hill giant
 13778 | D:11     | Noticed a five-headed hydra
 14299 | D:12     | Reached skill level 5 in Fighting
 14386 | D:12     | Reached skill level 1 in Shields
 14635 | D:12     | Offered knowledge of Bolt of Cold by Vehumet.
 14845 | D:12     | Noticed a seven-headed hydra
 14865 | D:12     | HP: 4/81 [nine-headed hydra (10)]
 14865 | D:12     | Slain by a nine-headed hydra

Action                   |  1- 3 |  4- 6 |  7- 9 | 10-12 || total
-------------------------+-------+-------+-------+-------++-------
Melee: Dagger            |    68 |       |   113 |   518 ||   699
       Falchion          |     3 |     8 |       |       ||    11
       Hand axe          |       |    64 |    44 |   120 ||   228
       War axe           |       |       |       |    36 ||    36
       Flail             |       |       |       |    50 ||    50
Throw: Javelin           |       |       |     1 |       ||     1
 Cast: Magic Dart        |   121 |   211 |   430 |    11 ||   773
       Repel Missiles    |     1 |       |       |       ||     1
       Mephitic Cloud    |       |     8 |    22 |       ||    30
       Conjure Flame     |       |       |    10 |       ||    10
Evoke: Wand              |       |       |     3 |     2 ||     5
  Use: Scroll            |     8 |     9 |     5 |    15 ||    37
       Potion            |       |     2 |       |     5 ||     7
 Stab: Confused          |       |     2 |     2 |       ||     4
       Sleeping          |       |     2 |       |       ||     2
       Distracted        |       |     1 |       |     1 ||     2
  Eat: Chunk             |     5 |     9 |    13 |    16 ||    43
       Beef jerky        |       |       |     1 |       ||     1
       Fruit             |       |       |       |     8 ||     8
